 Dungeon Crawl Stone Soup version 0.31-a0-145-g046c7d2549 (webtiles) character file.

Game seed: 17991922513881059221

10 Edyrem the Sneak (level 2, 0/18 HPs)
             Began as a Kobold Brigand on June 6, 2023.
             Slain by a jackal (2 damage)
             ... on level 1 of the Dungeon.
             The game lasted 00:00:34 (197 turns).

Edyrem the Sneak (Kobold Brigand)                    Turns: 197, Time: 00:00:35

Health: 0/18       AC:  3    Str:  8    XL:     2   Next: 30%
Magic:  2/2        EV: 14    Int: 12    God:
Gold:   10         SH:  0    Dex: 16    Spells: 1/1 levels left

rFire   . . .        a - +2 dagger
rCold   . . .        (no shield)
rNeg    . . .        b - +0 robe
rPois   .            (no helmet)
rElec   .            c - +0 cloak
rCorr   .            (no gloves)
SInv    .            (no boots)
Will    .....        (no amulet)
Stlth   ++++         (no ring)
HPRegen 0.23/turn    (no ring)
MPRegen 0.08/turn

%: no passive effects
@: no status effects
A: small, no large weapons, nightstalker 3
a: no special abilities


You were on level 1 of the Dungeon.
You visited 1 branch of the dungeon, and saw 1 of its levels.

You collected 10 gold pieces.

Inventory:

Hand Weapons
 a - a +2 dagger (weapon)
Missiles
 d - 9 poisoned darts (quivered)
 e - 3 curare-tipped darts
Armour
 b - a +0 robe (worn)
 c - a +0 cloak (worn)


   Skills:
 + Level 2.4 Fighting
 + Level 3.0 Short Blades
 - Level 2.1 Throwing
 + Level 1.6 Dodging
 + Level 5.5 Stealth


You had one spell level left.
You didn't know any spells.
Your spell library was empty.

Dungeon Overview and Level Annotations

Branches:
Dungeon (1/15)

Altars:


Innate Abilities, Weirdness & Mutations

You are small and have problems with some larger weapons.
You are completely attuned to the shadows.


Message History

The hobgoblin misses you. The rat barely misses you. The endoplasm freezes you.
You are frozen.
The jackal bites you.
You hit the jackal.
The jackal is severely wounded.
The jackal bites you. The jackal barely misses you.
The jackal bites you but does no damage.
The jackal misses you. The rat bites you. The hobgoblin closely misses you.
The endoplasm closely misses you. The hobgoblin attacks as you move away!
The hobgoblin closely misses you. The jackal attacks as you move away!
The jackal barely misses you. The jackal completely misses you.
The jackal closely misses you. The rat barely misses you.
The rat attacks as you move away! The rat completely misses you.
The jackal completely misses you. The jackal closely misses you.
The jackal bites you. The jackal attacks as you move away!
The jackal closely misses you. x2
The jackal closely misses you. x2
The jackal attacks as you move away! The jackal barely misses you.
The jackal barely misses you. The jackal completely misses you.
The jackal attacks as you move away! The jackal completely misses you.
The jackal misses you. x2
The jackal attacks as you move away! The jackal bites you.
* * * LOW HITPOINT WARNING * * *
The jackal closely misses you. The jackal attacks as you move away!
The jackal bites you but does no damage.
The jackal bites you.
* * * LOW HITPOINT WARNING * * *
Things that are here:
a +0 dagger; a goblin corpse The jackal attacks as you move away!
The jackal closely misses you. The jackal attacks as you move away!
The jackal bites you.
* * * LOW HITPOINT WARNING * * *
The jackal attacks as you move away! The jackal bites you.
* * * LOW HITPOINT WARNING * * *
The jackal barely misses you. The jackal misses you.
The jackal closely misses you. The jackal attacks as you move away!
The jackal bites you.
You die...

#......)...#.#.......
#............##......
#..........####......
...).....).# .. ...#
#.....rJ...# ..#
#......h...# #.#
#####h...### ###.###
####hh#....
#.....###...@....###
..##.##..##...###...
####'####.##.## ...
.............#
#######'#########
.............
.#.####'####.
.##..##†##..
.####.....#


You could see an endoplasm, 4 jackals and a rat.

Vanquished Creatures
  A dart slug (D:1)
  A goblin (D:1)
  A hobgoblin (D:1)
  A bat (D:1)
  2 frilled lizards (D:1)
  3 kobolds (D:1)
9 creatures vanquished.

Notes
Turn   | Place    | Note
-------+----------+-------------------------------------------
     0 | D:1      | Edyrem the Kobold Brigand began the quest for the Orb.
     0 | D:1      | Reached XP level 1. HP: 12/12 MP: 1/1
    98 | D:1      | Reached XP level 2. HP: 18/18 MP: 2/2
   197 | D:1      | Slain by a jackal

Illustrated notes

Levels and vault maps discovered:
D:1:      tarquinn_simple_flora_water_f, layout_rooms,
          hellmonk_ecumenical_altar_dog_temple, interstate_on_off,
          nicolae_concentric_dashed_squares_wild

Skill      XL: |  1  2 |
---------------+-------+-----
Short Blades   | 3 |  3.0
Fighting       | |  2.4
Throwing       | |  2.1
Dodging        | |  1.6
Stealth        | |  5.5

Action                     || total
---------------------------++-------
  Melee: Dagger            ||    27
         Punch             ||     1
   Stab: Sleeping          ||     4
 Armour: Robe              ||     9
  Dodge: Dodged            ||    51

Table legend: (Time is in decaauts)
 A = Elapsed time spent in this place.
 B = Non-inter-level travel time spent in this place.
 C = Inter-level travel time spent in this place.
 D = Time resting spent in this place.
 E = Time spent auto-exploring this place.
 F = Levels seen in this place.
 G = Mean time per level.
                   A        B        C        D        E       F      G
               +--------+--------+--------+--------+--------+-----+--------+
         Total |    193 |    193 |      0 |      0 |    115 |   1 |  193.0 |
       Dungeon |    193 |    193 |      0 |      0 |    115 |   1 |  193.0 |
               +--------+--------+--------+--------+--------+-----+--------+

Top non-repeatable levels by time:
     D:1: 193 daAuts
